 Dungeon Crawl Stone Soup version 0.25-a0-21-ga5a8db46c7 (webtiles) character file.

Game seed: 4323363793526574251, levelgen mode: deterministic

27 MalarOregon the Magician (level 2, 0/24 HPs)
             Began as a Draconian Wizard on Oct 16, 2019.
             Succumbed to an adder's poison
             ... on level 1 of the Dungeon.
             The game lasted 00:01:52 (990 turns).

MalarOregon the Magician (Draconian Wizard)          Turns: 990, Time: 00:01:52

Health: 0/24       AC:  4    Str:  9    XL:     2   Next: 93%
Magic:  2/6        EV: 12    Int: 18    God:
Gold:   27         SH:  0    Dex:  9    Spells: 6/7 levels left

rFire    . . .     SeeInvis .   b - +0 dagger
rCold    . . .     Gourm    .   (no shield)
rNeg     . . .     Faith    .   (armour unavailable)
rPois    .         Spirit   .   a - +0 hat
rElec    .         Reflect  .   (no cloak)
rCorr    .         Harm     .   (no gloves)
MR       .....                  (no boots)
Stlth    ++........             (no amulet)
HPRegen  0.08/turn              (no ring)
MPRegen  0.10/turn              (no ring)

@: lethally poisoned (0 -> -3), flying, very slightly contaminated
A: unfitting armour, cold-blooded, AC +4
a: no special abilities


You were on level 1 of the Dungeon.
You were not hungry.

You visited 1 branch of the dungeon, and saw 2 of its levels.

You collected 27 gold pieces.

Inventory:

Hand Weapons
 b - a +0 dagger (weapon)
   (You took it off a kobold on level 1 of the Dungeon)
Armour
 a - a +0 hat (worn)
Scrolls
 c - 3 scrolls of remove curse {unknown}
 d - a scroll of magic mapping {unknown}
Comestibles
 e - 3 rations {!d}
 f - 4 chunks of flesh


   Skills:
 + Level 2.0 Fighting
 + Level 2.5 Dodging
 - Level 1.7 Stealth
 - Level 3.0 Spellcasting
 - Level 1.0 Conjurations
   Level 1.0 Summonings
   Level 1.0 Translocations


You had 6 spell levels left.
You knew the following spells:

 Your Spells              Type           Power        Failure   Level  Hunger
a - Magic Dart            Conj           #...         11%         1    None

Your spell library contained the following spells:

 Spells                   Type           Power        Failure   Level  Hunger
 Blink                    Tloc           N/A          16%         2    ##.....
 Call Imp                 Summ           #.......     16%         2    ##.....
 Slow                     Hex            #.......     24%         2    ##.....
 Conjure Flame            Conj/Fire      #.......     36%         3    ###....
 Mephitic Cloud           Conj/Pois/Air  #.......     38%         3    ###....


Dungeon Overview and Level Annotations

Branches:
Dungeon (2/15)

Altars:


Innate Abilities, Weirdness & Mutations

Your plain brown scales are hard. (AC +4)
You cannot fit into any form of body armour.
You are cold-blooded and may be slowed by cold attacks.


Message History

You climb upwards.
There is a stone staircase leading down here.
Aim: an adder The magic dart hits the adder.
The adder bites you but does no damage. The hobgoblin closely misses you.
You hit the adder.
You feel sick. The adder closely misses you.
The hobgoblin hits you but does no damage.
You closely miss the adder.
Your tail-slap misses the adder.
The adder barely misses you. The hobgoblin hits you.
* * * LOW HITPOINT WARNING * * *
The adder completely misses you.
You feel sick. The adder misses you.
You feel sick. The adder closely misses you.
Aim: an adder (moderately wounded)
The magic dart hits the adder but does no damage.
The adder bites you.
* * * LOW HITPOINT WARNING * * *
You are more poisoned.
The adder poisons you!
You closely miss the adder.
* * * LOW HITPOINT WARNING * * *
You feel sick. The adder bites you but does no damage.
Unknown command.
* * * LOW HITPOINT WARNING * * *
You feel sick. The adder closely misses you.
* * * LOW HITPOINT WARNING * * *
You feel sick.
* * * LOW HITPOINT WARNING * * *
You feel sick. The adder bites you.
* * * LOW HITPOINT WARNING * * *
Unknown command.
You don't know that spell.
There is a lethal amount of poison in your body!
It was a potion of flight.
You feel very buoyant.
You fly up into the air.
The adder bites you but does no damage.
* * * LOW HITPOINT WARNING * * *
You feel sick. The adder barely misses you.
Unknown command.
Really fly into that teleport trap?
You enter a teleport trap!
The teleport trap disappears.
Your surroundings suddenly seem different.
Unknown command.
Unknown command.
There is a lethal amount of poison in your body!
* * * LOW HITPOINT WARNING * * *
You feel sick.
You die...

...##............###.......#.#
....#..........#.###..)....#.####
....(...####.#....##.......#.....
......#.# ##...................##
....#.#.###...)...............##
....#.#.....###...............(##
.........#### #.#...............#
.....##..######.#...............#
................@...............#
.......[.######.#...............#
####>......# #>.#...............#
#PP##....#.###.##...............#
#≈≈P##...........#..............#
#≈≈≈P##.#....###....(...#........
#≈≈≈≈P#.#....###.....######..#...
#≈≈≈≈P#........##.#....# ##.###.
#######................# #..##.


There were no monsters in sight!

Vanquished Creatures
  A dart slug (D:1)
  A bat (D:1)
  2 giant cockroaches
  5 goblins (D:1)
  2 hobgoblins (D:1)
  3 jackals (D:1)
  4 kobolds
  3 rats
21 creatures vanquished.

Notes
Turn   | Place    | Note
-------+----------+-------------------------------------------
     0 | D:1      | MalarOregon the Draconian Wizard began the quest for the
                  | Orb.
     0 | D:1      | Reached XP level 1. HP: 14/14 MP: 4/4
   165 | D:1      | Reached skill level 1 in Fighting
   369 | D:1      | Reached XP level 2. HP: 23/23 MP: 4/6
   986 | D:1      | HP: 1/24 [poisoned by an adder]
   990 | D:1      | Succumbed to an adder's poison

Levels and vault maps discovered:
D:1:      psy_arrival_terrarium, layout_rooms
D:2:      layout_basic

Skill      XL: |  1  2 |
---------------+-------+-----
Dodging        | 2 |  2.5
Fighting       | 1 2 |  2.0
Stealth        | |  1.7
Spellcasting   | |  3.0
Conjurations   | |  1.0
Summonings     | |  1.0
Translocations | |  1.0

Action                   || total
-------------------------++-------
Melee: Unarmed           ||    16
       Dagger            ||   104
       Tailslap          ||     8
 Cast: Magic Dart        ||    26
  Use: Potion            ||     1
 Stab: Sleeping          ||     1
Armor: Skin              ||    52
Dodge: Dodged            ||   106

Table legend:
 A = Non-vault XP
 B = Vault XP
 C = Vault XP percentage of total XP
 D = Non-vault monster count
 E = Vault monster count
 F = Vault count percentage of total count
                 A         B        C        D         E       F
            +---------+---------+-------+---------+---------+-------
      Total |      39 |       0 |   0.0 |      21 |       0 |   0.0
            +---------+---------+-------+---------+---------+-------
        D:1 |      34 |       0 |   0.0 |      18 |       0 |   0.0
        D:2 |       5 |       0 |   0.0 |       3 |       0 |   0.0
            +---------+---------+-------+---------+---------+-------
